 Dungeon Crawl Stone Soup version 0.30.0-10-gfe55d96785 (webtiles) character file.

Game seed: 7748748962638169948

250285 SnakkuSnakku7 the Impaler (level 19, -3/155 HPs)
             Began as a Merfolk Artificer on May 15, 2023.
             Was the Champion of Fedhas.
             Killed from afar by an ancient champion (13 damage)
             ... with an iron shot
             ... in a wizard's laboratory.
             The game lasted 01:38:59 (41000 turns).

SnakkuSnakku7 the Impaler (Merfolk Artificer)      Turns: 41000, Time: 01:38:59

Health: -3/155     AC: 34    Str: 20      XL:     19   Next: 62%
Magic:  30/30      EV: 15    Int:  6 (11) God:    Fedhas [******]
Gold:   2080       SH:  0    Dex: 11      Spells: 18/18 levels left

rFire   . . .        a - +1 glaive (flame)
rCold   + . .        (shield currently unavailable)
rNeg    . . .        c - +3 plate armour {rPois}
rPois   +            P - +2 helmet
rElec   .            K - +2 cloak {rPois}
rCorr   .            B - +2 pair of gloves
SInv    .            n - +1 pair of boots of Wu Jian's Condemnation {Fly rC+ Regen+ Dex-3}
Will    +....        V - amulet of regeneration Stlth
                     j - +5 ring of evasion
HPRegen 2.05/turn    m - +4 ring of protection
MPRegen 0.22/turn

%: no passive effects
@: flying
A: (nimble swimmer 2), mertail
}: 2/15 runes: decaying, gossamer
a: Renounce Religion, Wall of Briars, Grow Ballistomycete, Overgrow, Grow Oklob


You were in a wizard's laboratory.
You worshipped Fedhas.
Fedhas was exalted by your worship.
You visited 7 branches of the dungeon, and saw 33 of its levels.
You also visited: Sewer, Ice Cave and Wizlab.

You collected 3302 gold pieces.
You spent 1222 gold pieces at shops.

Inventory:

Hand Weapons
 a - a +1 glaive of flaming (weapon)
 b - a +2 halberd of freezing
Missiles
 p - 7 curare-tipped darts
 v - 6 silver javelins (quivered)
 L - 13 javelins
 M - 3 throwing nets
Armour
 c - a +3 plate armour of poison resistance (worn)
 n - the +1 pair of boots of Wu Jian's Condemnation (worn) {Fly rC+ Regen+ Dex-3}
   (You acquired it on level 2 of the Lair of Beasts)

   Dex:       It affects your dexterity (-3).
   rC:        It protects you from cold.
   Fly:       It grants you flight.
   Regen:     It increases your rate of health regeneration.
 s - a +1 kite shield of protection
 B - a +2 pair of gloves (worn)
 K - a +2 cloak of poison resistance (worn)
 P - a +2 helmet (worn)
 X - the +10 tower shield of Ignorance {rN+ Int-4}
   (You found it on level 2 of the Orcish Mines)

   Int:       It affects your intelligence (-4).
   rN:        It protects you from negative energy.
Jewellery
 d - the ring of the Smoking Gods {rPois rCorr Int+3 Slay+2 SInv}
   (You found it on level 2 of the Swamp)

   [ring of resist corrosion]

   Int:       It affects your intelligence (+3).
   Slay:      It affects your accuracy & damage with ranged weapons and melee
   (+2).
   rPois:     It protects you from poison.
   SInv:      It lets you see invisible.
   rCorr:     It protects you from acid and corrosion.
 j - a +5 ring of evasion (left hand)
 k - the ring of Cunias {Fire rElec rPois rCorr Str+4}
   (You found it on level 3 of the Lair of Beasts)

   [ring of fire]

   It enhances your fire magic.
   Str:       It affects your strength (+4).
   rF:        It protects you from fire.
   rC:        It makes you vulnerable to cold.
   rElec:     It insulates you from electricity.
   rPois:     It protects you from poison.
   rCorr:     It protects you from acid and corrosion.
 l - a ring of protection from cold
 m - a +4 ring of protection (right hand)
 T - a +4 ring of slaying
 U - the ring of Laxzo {*Corrode rN+ Will++ MP+9 Slay+2}
   (You found it on level 5 of the Lair of Beasts)

   [ring of positive energy]

   Slay:      It affects your accuracy & damage with ranged weapons and melee
   (+2).
   rN:        It protects you from negative energy.
   MP:        It affects your magic capacity (+9).
   *Corrode:  It may corrode you when you take damage.
   Will:      It greatly increases your willpower.
 V - an amulet of regeneration (around neck)
Wands
 f - a wand of paralysis (17)
 x - a wand of mindburst (9)
 y - a wand of flame (22)
 G - a wand of iceblast (6)
Scrolls
 e - 12 scrolls of identify
 g - 4 scrolls of enchant weapon
 h - 3 scrolls of immolation
 o - 3 scrolls of brand weapon
 r - 5 scrolls of magic mapping
 A - 2 scrolls of teleportation
 F - 11 scrolls of fog
 H - 5 scrolls of poison
 J - 4 scrolls of silence
Potions
 i - 6 potions of brilliance
 q - 2 potions of curing
 u - 4 potions of magic
 w - 7 potions of might
 C - 8 potions of ambrosia
 N - 4 potions of resistance
 O - a potion of invisibility
 Q - 3 potions of haste
 R - a potion of cancellation
 S - 3 potions of mutation
Miscellaneous
 D - a lightning rod (4/4)
 E - a box of beasts
 W - a condenser vane


   Skills:
 - Level 15.0 Fighting
 + Level 19.6 Polearms
 - Level 16.0 Throwing
 - Level 10.0 Armour
 - Level 15.0 Dodging
 - Level 1.1 Stealth
 - Level 15.0 Invocations
 - Level 12.0 Evocations


You had 18 spell levels left.
You didn't know any spells.
Your spell library contained the following spells:

 Spells                   Type           Power      Damage    Failure   Level
 Apportation              Tloc           0%         N/A       100%        1
 Kiss of Death            Conj/Necr      0%         2d5       100%        1
 Magic Dart               Conj           0%         1d3       100%        1
 Necrotise                Necr           0%         1d4       100%        1
 Slow                     Hex            0%         N/A       100%        1
 Summon Small Mammal      Summ           0%         N/A       100%        1
 Searing Ray              Conj           0%         2d4       100%        2
 Sublimation of Blood     Necr           0%         N/A       100%        2
 Confusing Touch          Hex            0%         N/A       100%        3
 Frozen Ramparts          Ice            0%         1d1       100%        3
 Inner Flame              Hex/Fire       0%         N/A       100%        3
 Stone Arrow              Conj/Erth      0%         3d7       100%        3
 Vampiric Draining        Necr           0%         2d6       100%        3
 Vhi's Electric Charge    Tloc/Air       0%         N/A       100%        3
 Volatile Blastmotes      Fire/Tloc      0%         2d10      100%        3
 Animate Armour           Summ/Erth      0%         N/A       100%        4
 Cause Fear               Hex            0%         N/A       100%        4
 Dispel Undead            Necr           0%         3d6       100%        4
 Fulminant Prism          Conj/Hex       0%         3d5       100%        4
 Ice Form                 Ice/Tmut       0%         N/A       100%        4
 Iskenderun's Mystic Bla  Conj/Tloc      0%         2d3       100%        4
 Petrify                  Tmut/Erth      0%         N/A       100%        4
 Summon Ice Beast         Ice/Summ       0%         N/A       100%        4
 Agony                    Necr           0%         N/A       100%        5
 Arcjolt                  Conj/Air       0%         1d10      100%        5
 Irradiate                Conj/Tmut      0%         3d11      100%        5
 Lee's Rapid Deconstruct  Erth           0%         3d4*      100%        5
 Metabolic Englaciation   Hex/Ice        0%         N/A       100%        5
 Summon Forest            Summ/Tloc      0%         N/A       100%        5
 Yara's Violent Unravell  Hex/Tmut       0%         3d3       100%        5
 Eringya's Noxious Bog    Tmut/Pois      0%         N/A       100%        6
 Plasma Beam              Fire/Air       0%         2x1d11    100%        6
 Statue Form              Tmut/Erth      0%         N/A       100%        6
 Dragon Form              Tmut           0%         N/A       100%        7
 Enfeeble                 Hex            0%         N/A       100%        7
 Summon Hydra             Summ           0%         N/A       100%        7
 Lehudib's Crystal Spear  Conj/Erth      0%         10d2      100%        8
 Dragon's Call            Summ           0%         N/A       100%        9


Dungeon Overview and Level Annotations

Branches:
Dungeon (15/15)            Temple (1/1) D:7            Lair (5/5) D:8
  Swamp (4/4) Lair:3       Spider (4/4) Lair:3        Slime (0/5) Lair:5
    Orc (2/2) D:9             Elf (0/3) Orc:2        Vaults (2/5) D:13
  Crypt (0/3) Vaults:2     Depths (0/4) D:15          Sewer (visited)
  IceCv (visited)          WizLab (1/1)

Altars:
Ashenzari
Cheibriados
Dithmenos
Elyvilon
Fedhas
Gozag
Hepliaklqana
Kikubaaqudgha
Makhleb
Nemelex Xobeh
Okawaru
Qazlal
Ru
Sif Muna
Trog
Uskayaw
Vehumet
Wu Jian
Xom
Yredelemnul
Zin
The Shining One
Jiyva
Lugonu

Shops:
D:5 [   D:11 :   D:13 (   Orc:2 *(:[   Vaults:1 [[

Portals:
Trove: D:14 (give 7 scrolls of blinking)

Annotations:
D:4 Duvessa
Lair:5 1 runed translucent door, acky5's ghost, journeyman KoBr


Innate Abilities, Weirdness & Mutations

((You are very nimble when in or above water. (Stealth+, EV+, Speed+++)))
Your lower body shifts to a powerful aquatic tail in water.


Message History

The ancient champion gestures at you while chanting.
The iron shot hits you!!
You are too injured to fight recklessly!
You are too injured to fight recklessly!
You are too injured to fight recklessly!
You slash the ancient champion! You burn the ancient champion.
The ancient champion is severely damaged.
The ancient champion hits you but does no damage.
You closely miss the ancient champion.
The ancient champion is severely damaged.
The ancient champion hits you with a +3 great sword.
You slash the ancient champion! You burn the ancient champion.
The ancient champion is almost destroyed.
The ancient champion barely misses you.
You barely miss the ancient champion.
The ancient champion is almost destroyed.
The ancient champion hits you but does no damage.
You hit the ancient champion but do no damage.
The ancient champion is almost destroyed.
The ancient champion closely misses you.
You hit the ancient champion but do no damage.
The ancient champion is almost destroyed.
The ancient champion gestures at you while chanting.
The iron shot hits you!!!
* * * LOW HITPOINT WARNING * * *
Okay, then.
You hit the ancient champion but do no damage.
The ancient champion is almost destroyed.
The ancient champion hits you but does no damage.
You hit the ancient champion but do no damage.
The ancient champion is almost destroyed.
The ancient champion hits you with a +3 great sword!
* * * LOW HITPOINT WARNING * * *
Unknown command.
You hit the ancient champion. You burn the ancient champion.
The ancient champion is almost destroyed.
The ancient champion points at you and mumbles some strange words.
The iron shot hits you!
You die...
Fedhas appreciates your contribution to the ecosystem.

#### ♣#######♣♣##
#♣..♣♣♣.....♣..♣.♣##
.♣.................##
♣......)...)........##
......).)..).).....♣.#
.....#########).).8..#
.)...# #.......#
.)..## ##.@z...# ..###
###)).♣♣ ..# #....#
..# #....# ..# #....#
..# #....# .)#..
#....# ..#..# #....#
..#..z. #.).♣#


You could see an ancient champion (fast).

Vanquished Creatures
  Rupert (Lair:5)
  Gastronok (D:11)
  Agnes (D:15)
  2 fenstrider witches (Swamp:4)
  The ghost of Keoguots the Thaumaturge, an adept GnSk of Makhleb (Swamp:4)
  A vault warden (Vaults:1)
  7 ghost moths
  6 emperor scorpions
  3 ghouls
  2 orc warlords
  5 very ugly things
  5 ironbound preservers (Vaults:1)
  A broodmother (Spider:1)
  An ironbound thunderhulk (Vaults:1)
  Nessos (D:15)
  8 dire elephants
  A bunyip (Swamp:2)
  4 eleionomae
  4 spark wasps
  A deep elf death mage (Vaults:1)
  The ghost of Xyudeake the Devastator, a journeyman DEFE of Vehumet (Lair:4)
  9 entropy weavers
  3 yaktaur captains (Vaults:1)
  A spriggan air mage (Swamp:4)
  A death knight (D:15)
  A rakshasa (D:14)
  An ogre mage (D:15)
  A radroach (shapeshifter) (D:15)
  10 hydras
  10 boulder beetles
  11 centaur warriors
  8 two-headed ogres
  A ghost crab (Swamp:1)
  An ironbound frostheart (Vaults:1)
  2 radroaches
  7 death yaks
  10 alligators
  A spriggan berserker (Swamp:4)
  Urug (Lair:3)
  5 orc high priests
  Sonja (Lair:3)
  2 sun moths (Spider:1)
  5 pharaoh ants
  4 goliath frogs
  2 skysharks
  A spectral death yak (Lair:5)
  A spectral anaconda (Lair:5)
  15 deep trolls
  7 spriggan druids
  2 obsidian statues
  7 skeletal warriors
  12 swamp dragons
  An orb spider (shapeshifter) (D:15)
  9 orb spiders
  A phantasmal warrior (D:13)
  7 bog bodies
  5 ironbound convokers (Vaults:1)
  5 necromancers
  A glowing orange brain (D:15)
  4 orange crystal statues (Orc:2)
  5 orc knights
  10 steelbarb worms
  22 wolf spiders
  3 lindwurms
  A cyclops (D:11)
  17 ugly things
  A deep elf pyromancer (D:15)
  4 will-o-the-wisps
  7 orc sorcerers
  A manticore (D:13)
  13 elephants
  8 moths of wrath
  An elephant (shapeshifter) (D:15)
  7 demonic crawlers
  An ice statue (IceCv)
  Joseph (D:7)
  8 black mambas
  8 torpor snails
  6 vault sentinels (Vaults:1)
  An unseen horror (D:11)
  3 gargoyles
  18 cane toads
  6 rime drakes
  A kobold demonologist (D:9)
  4 yaktaurs (Vaults:1)
  3 freezing wraiths (D:15)
  4 komodo dragons
  4 trolls
  A bloated husk (Swamp:1)
  9 meliai
  3 polar bears
  7 hornets
  9 tyrant leeches
  An elf zombie (Vaults:1)
  23 tarantellas
  35 blink frogs
  4 dream sheep (Lair:3)
  A deep troll zombie (Vaults:1)
  18 jumping spiders
  14 culicivoras
  19 slime creatures
  4 vampires
  An ettin skeleton (Vaults:1)
  3 wraiths
  5 spriggans
  A yak (shapeshifter) (D:13)
  5 wyverns
  Eustachio (D:5)
  40 yaks
  7 basilisks
  43 redbacks
  5 dire elephant simulacra
  11 vampire mosquitoes
  A steam dragon (D:6)
  2 death yak simulacra (IceCv)
  5 wargs
  A glowing shapeshifter zombie (Vaults:1)
  20 swamp worms
  An acid dragon (D:11)
  Edmund (D:5)
  3 two-headed ogre zombies (WizLab)
  11 water moccasins
  25 orc warriors
  2 hydra simulacra (IceCv)
  6 swamp drakes
  An ice beast (D:7)
  3 black bears
  9 ogres
  12 centaurs
  12 wolves
  An elephant skeleton (Lair:5)
  A kobold brigand (D:10)
  11 bullfrogs
  A necrophage (D:5)
  2 scorpions
  5 two-headed ogre simulacra (IceCv)
  21 wights
  3 cane toad simulacra
  Dowan (D:4)
  5 troll zombies (WizLab)
  6 killer bees (D:11)
  3 howler monkeys
  2 elephant simulacra
  4 electric eels
  8 jellies
  13 orc priests
  5 hounds (D:8)
  2 gnoll boudas
  17 orc wizards
  2 iguanas
  A sleepcap (D:6)
  A polar bear simulacrum (IceCv)
  5 spriggan simulacra (IceCv)
  6 troll simulacra (IceCv)
  A wolf simulacrum (IceCv)
  4 ogre zombies (WizLab)
  A hound skeleton (D:5)
  11 gnolls
  11 adders
  9 naga simulacra (IceCv)
  2 river rats (Sewer)
  A shadow imp (D:5)
  7 white imps
  11 ufetubi
  7 worms
  3 dart slugs
  65 orcs
  10 ball pythons
  4 bats
  20 endoplasms
  11 giant cockroaches
  6 goblins
  12 hobgoblins
  4 jackals (D:5)
  15 kobolds
  2 quokkas (D:1)
  5 frilled lizards
  6 rats
1140 creatures vanquished.

Vanquished Creatures (collateral kills)
  A wolf spider (Spider:4)
  Prince Ribbit (D:5)
  3 jumping spiders (Spider:4)
  A swamp worm (Swamp:2)
  2 orcs (D:5)
  5 ballistomycete spores (Spider:1)
13 creatures vanquished.

Vanquished Creatures (others)
  A shambling mangrove (Swamp:4)
  A bog body (Swamp:4)
  A wizard (D:15)
  An orc sorcerer (Orc:2)
  4 bloated husks
  3 hornets (Swamp:4)
  A vampire mosquito (Swamp:1)
  A swamp worm (Swamp:4)
  A necrophage (Swamp:4)
  A jelly (D:5)
  2 orc wizards
  An adder (D:3)
  2 orcs
  A ballistomycete spore (Spider:1)
  18 foxfires
39 creatures vanquished.

Grand Total: 1192 creatures vanquished

Notes
Turn   | Place    | Note
-------+----------+-------------------------------------------
     0 | D:1      | SnakkuSnakku7 the Merfolk Artificer began the quest for the
                  | Orb.
     0 | D:1      | Reached XP level 1. HP: 15/15 MP: 1/1
   222 | D:1      | Reached XP level 2. HP: 21/21 MP: 2/2
   642 | D:1      | Reached XP level 3. HP: 17/26 MP: 3/3
   948 | D:1      | Found a faded altar of an unknown god.
  1329 | D:2      | Reached XP level 4. HP: 32/32 MP: 4/4
  1347 | D:2      | Reached skill level 1 in Throwing
  1972 | D:3      | Found a glowing drain.
  2017 | Sewer    | Entered a sewer
  2181 | Sewer    | Reached skill level 5 in Evocations
  2415 | Sewer    | Reached XP level 5. HP: 28/37 MP: 5/5
  2539 | Sewer    | Found a viscous altar of Jiyva.
  2601 | Sewer    | Reached XP level 6. HP: 38/43 MP: 6/6
  2723 | D:3      | Found a glowing silver altar of Zin.
  3574 | D:4      | Noticed a black bear
  3580 | D:4      | Killed a black bear
  3581 | D:4      | Reached skill level 5 in Throwing
  3581 | D:4      | Reached XP level 7. HP: 40/48 MP: 7/7
  4398 | D:4      | Noticed Duvessa
  4398 | D:4      | Noticed Dowan
  4447 | D:4      | Killed Dowan
  4448 | D:4      | Reached skill level 1 in Polearms
  4623 | D:5      | Entered Level 5 of the Dungeon
  4647 | D:4      | Reached skill level 2 in Polearms
  4780 | D:4      | Reached skill level 3 in Polearms
  4914 | D:5      | Reached XP level 8. HP: 52/54 MP: 8/8
  4935 | D:5      | Found an ancient bone altar of Kikubaaqudgha.
  5025 | D:5      | Noticed Eustachio
  5028 | D:5      | Noticed Prince Ribbit
  5041 | D:5      | Killed Prince Ribbit
  5042 | D:5      | Reached skill level 4 in Polearms
  5184 | D:5      | Found Ponadiu's Armour Emporium.
  5202 | D:5      | Reached skill level 5 in Polearms
  5266 | D:5      | Noticed Edmund
  5396 | D:5      | Killed Edmund
  5659 | D:5      | Killed Eustachio
  5660 | D:5      | Reached skill level 6 in Polearms
  5767 | D:5      | Reached skill level 7 in Polearms
  5972 | D:5      | You fall into a shaft and drop 2 floors!
  5973 | D:7      | Found a broken altar of Ashenzari.
  6150 | D:6      | Reached skill level 8 in Polearms
  6212 | D:6      | Reached XP level 9. HP: 43/59 MP: 5/9
  6435 | D:5      | Found a burning altar of Makhleb.
  6448 | D:5      | Reached skill level 9 in Polearms
  6964 | D:5      | Bought a +1 cloak of poison resistance for 162 gold pieces
  7129 | D:6      | Reached skill level 10 in Polearms
  7302 | D:6      | Found a glowing golden altar of the Shining One.
  7311 | D:6      | Found an opulent altar of Gozag.
  7589 | D:7      | Identified the +9 mace of the Keeping Fox {flame, Stlth+}
  7592 | D:7      | Found an iron altar of Okawaru.
  7720 | D:7      | Found a staircase to the Ecumenical Temple.
  7720 | D:7      | Noticed Joseph
  8056 | D:7      | Identified the amulet of the Salmon {Acrobat rF- rCorr
                  | Stlth+}
  8153 | Temple   | Entered the Ecumenical Temple
  8218 | Temple   | Became a worshipper of Fedhas Madash
  8267 | D:7      | Killed Joseph
  8268 | D:7      | Reached skill level 11 in Polearms
  8415 | D:8      | Noticed a two-headed ogre
  8498 | D:8      | Identified the ring of Feomomox {Drain Fly rC+++ rCorr
                  | Int+4}
  8721 | D:8      | Reached skill level 5 in Fighting
  8771 | D:8      | Reached skill level 12 in Polearms
  8771 | D:8      | Reached XP level 10. HP: 41/74 MP: 6/10
  9005 | D:8      | Found a staircase to the Lair.
  9076 | D:8      | Killed a two-headed ogre
  9180 | D:8      | Reached skill level 13 in Polearms
  9360 | D:8      | Reached * piety under Fedhas
  9506 | D:8      | Found an ornate altar of the Wu Jian Council.
  9844 | D:9      | Found a staircase to the Orcish Mines.
 10066 | D:9      | Reached skill level 14 in Polearms
 10123 | D:9      | Noticed a kobold demonologist
 10323 | D:9      | Noticed a sun demon
 10340 | D:9      | Killed a kobold demonologist
 10418 | D:9      | Reached XP level 11. HP: 73/86 MP: 8/11
 10525 | D:9      | Identified the amulet "Oxzidugu" {Faith Str+4}
 10548 | D:9      | Found a bloodstained altar of Trog.
 10552 | D:9      | Reached ** piety under Fedhas
 10723 | D:10     | Entered Level 10 of the Dungeon
 10727 | D:10     | Found a stormy altar of Qazlal.
 10777 | D:10     | Found a hazy altar of Hepliaklqana.
 10988 | D:10     | Found a shimmering altar of Xom.
 11189 | D:10     | Found a basalt altar of Yredelemnul.
 11594 | Lair:1   | Entered Level 1 of the Lair of Beasts
 11614 | D:8      | Reached skill level 10 in Throwing
 11780 | Lair:1   | Reached skill level 5 in Dodging
 11788 | Lair:1   | Reached *** piety under Fedhas
 12550 | Lair:1   | Reached skill level 10 in Dodging
 12635 | Lair:1   | Reached skill level 1 in Invocations
 12813 | Lair:1   | Reached XP level 12. HP: 88/92 MP: 13/13
 13044 | Lair:2   | Reached skill level 5 in Invocations
 13062 | Lair:2   | Noticed a death yak
 13121 | Lair:2   | Killed a death yak
 13163 | Lair:2   | Noticed a boulder beetle
 13210 | Lair:2   | Killed a boulder beetle
 13227 | Lair:2   | Noticed a death yak
 13227 | Lair:2   | Noticed a death yak
 13272 | Lair:2   | Killed a death yak
 13400 | Lair:2   | Reached **** piety under Fedhas
 13566 | Lair:2   | Noticed a death yak
 13569 | Lair:2   | Noticed a death yak
 13628 | Lair:2   | Killed a death yak
 13820 | Lair:2   | Killed a death yak
 13821 | Lair:2   | Reached skill level 10 in Invocations
 13821 | Lair:2   | Reached skill level 1 in Armour
 13852 | Lair:2   | Killed a death yak
 14232 | Lair:2   | Reached XP level 13. HP: 46/98 MP: 11/20
 14555 | Lair:2   | Identified a scroll of acquirement
 14555 | Lair:2   | Acquired the +1 pair of boots of Wu Jian's Condemnation
                  | {Fly rC+ Regen+ Dex-3}
 14698 | Lair:3   | Found a hole to the Spider Nest.
 14787 | Lair:3   | Noticed Sonja
 14792 | Lair:3   | Killed Sonja
 14793 | Lair:3   | Reached skill level 5 in Armour
 15094 | Lair:3   | Noticed Urug
 15121 | Lair:3   | Killed Urug
 15233 | Lair:3   | Identified the ring of Cunias {Fire rElec rPois rCorr
                  | Str+4}
 15630 | Lair:3   | Found a staircase to the Swamp.
 16118 | Lair:4   | Reached ***** piety under Fedhas
 16393 | Lair:4   | Found a runed translucent gate.
 16403 | Lair:4   | Found a runed translucent gate.
 16404 | Lair:4   | Found a runed translucent gate.
 16405 | Lair:4   | Noticed Xyudeake's ghost (journeyman DEFE)
 16494 | Lair:4   | Reached XP level 14. HP: 98/105 MP: 17/21
 16840 | Lair:5   | Entered Level 5 of the Lair of Beasts
 17087 | Lair:5   | Reached skill level 10 in Armour
 17168 | Lair:5   | Found a viscous altar of Jiyva.
 17169 | Lair:5   | Found a staircase to the Slime Pits.
 17363 | Lair:5   | Found a runed translucent door.
 17368 | Lair:5   | Noticed acky5's ghost (journeyman KoBr)
 17455 | Lair:5   | Noticed Rupert
 17916 | Lair:5   | Paralysed by Rupert for 2 turns
 17970 | Lair:5   | Killed Rupert
 17971 | Lair:5   | Reached skill level 15 in Polearms
 18138 | Lair:5   | Noticed a dire elephant
 18138 | Lair:5   | Noticed a dire elephant
 18138 | Lair:5   | Noticed a dire elephant
 18416 | Lair:5   | Reached skill level 16 in Polearms
 18673 | Lair:5   | Killed a dire elephant
 18728 | Lair:5   | Killed a dire elephant
 18780 | Lair:5   | Killed a dire elephant
 18841 | Lair:5   | Identified the ring of Laxzo {*Corrode rN+ Will++ MP+9
                  | Slay+2}
 19281 | D:11     | Found Daixasoeho's Tiny Tomes.
 19349 | D:11     | Identified the +1 sling of Irrepressible Laughter
                  | {antimagic, Dex-4 SInv Stlth+}
 19494 | D:11     | Noticed Gastronok
 19510 | D:11     | Killed Gastronok
 19514 | D:11     | Identified the +0 ring mail "Opouz" {rN+ Regen+ Dex+4}
 19672 | D:12     | Found a frozen archway.
 19694 | IceCv    | Entered an ice cave
 19767 | IceCv    | Reached ****** piety under Fedhas
 19809 | IceCv    | Reached XP level 15. HP: 62/115 MP: 15/24
 20166 | IceCv    | Reached skill level 10 in Fighting
 21075 | Orc:1    | Entered Level 1 of the Orcish Mines
 21334 | Orc:2    | Entered Level 2 of the Orcish Mines
 21337 | Orc:2    | Noticed an orc warlord
 21340 | Orc:2    | Found Vegiqasu's Antique Armour Shoppe.
 21797 | Orc:2    | Found Reur Detz's General Store.
 22130 | Orc:2    | Found Gysh's Antique Weapon Shop.
 22163 | Orc:2    | Bought a scroll of magic mapping for 97 gold pieces
 22163 | Orc:2    | Bought a scroll of enchant weapon for 97 gold pieces
 22163 | Orc:2    | Bought a scroll of identify for 26 gold pieces
 22313 | Orc:2    | Found a runed translucent door.
 22318 | Orc:2    | Found the +10 tower shield of Ignorance {rN+ Int-4}
 22337 | Orc:2    | Found a runed translucent door.
 22349 | Orc:2    | Found Itra's Book Shoppe.
 22391 | Orc:2    | Killed an orc warlord
 22485 | Orc:2    | Found a staircase to the Elven Halls.
 22994 | D:13     | Found Pucloacw's Antique Weapon Shop.
 23203 | D:13     | Found a gate to the Vaults.
 23969 | D:14     | Found a portal to a secret trove of treasure.
 24194 | D:15     | Entered Level 15 of the Dungeon
 24376 | D:15     | Noticed Agnes
 24394 | D:15     | Killed Agnes
 24501 | D:15     | Reached XP level 16. HP: 101/127 MP: 25/25
 24768 | D:15     | Found an iron altar of Okawaru.
 24821 | D:15     | Noticed Nessos
 24831 | D:15     | Killed Nessos
 25498 | D:15     | Found a staircase to the Depths.
 26247 | Lair:4   | Killed Xyudeake's ghost
 26248 | Lair:4   | Reached skill level 15 in Throwing
 26482 | Swamp:1  | Entered Level 1 of the Swamp
 27088 | Swamp:1  | Identified the +1 chain mail "Plog" {+Inv rElec Str-5
                  | Int+8}
 27376 | Swamp:2  | Identified the ring of the Smoking Gods {rPois rCorr Int+3
                  | Slay+2 SInv}
 27813 | Swamp:2  | Found a bloodstained altar of Trog.
 28750 | Swamp:4  | Entered Level 4 of the Swamp
 29008 | Swamp:4  | Noticed a fenstrider witch
 29013 | Swamp:4  | Reached XP level 17. HP: 106/133 MP: 19/26
 29445 | Swamp:4  | Paralysed by a fenstrider witch for 3 turns
 29607 | Swamp:3  | Reached skill level 15 in Dodging
 29978 | Swamp:4  | Noticed Keoguots's ghost (adept GnSk)
 30429 | Swamp:4  | Found a runed translucent gate.
 30439 | Swamp:4  | Found a runed translucent gate.
 30441 | Swamp:4  | Found a runed translucent gate.
 30498 | Swamp:4  | Killed Keoguots's ghost
 30599 | Swamp:4  | Got a decaying rune of Zot
 30984 | Spider:1 | Entered Level 1 of the Spider Nest
 32139 | Spider:1 | Reached skill level 15 in Fighting
 33554 | Spider:2 | Reached XP level 18. HP: 112/149 MP: 27/27
 34608 | Spider:3 | Reached skill level 10 in Evocations
 35315 | Spider:4 | Entered Level 4 of the Spider Nest
 37162 | Spider:4 | Got a gossamer rune of Zot
 37288 | Spider:4 | Identified the +2 robe of the Blizzard {Dex+2}
 37912 | Vaults:1 | Entered Level 1 of the Vaults
 38173 | Vaults:1 | Found Nawuh's Armour Shoppe.
 38204 | Vaults:1 | Reached XP level 19. HP: 130/155 MP: 30/30
 38253 | Vaults:1 | Reached skill level 15 in Invocations
 38762 | Vaults:1 | Reached skill level 17 in Polearms
 38900 | Vaults:1 | HP: 2/155 [spore (14)]
 39188 | Vaults:1 | Reached skill level 18 in Polearms
 39446 | Vaults:1 | Found Edeffysu's Armour Shop.
 39450 | Vaults:1 | Bought a +3 plate armour of poison resistance for 840 gold
                  | pieces
 40235 | Vaults:1 | Reached skill level 19 in Polearms
 40652 | Vaults:2 | Found a magical portal.
 40680 | WizLab   | Entered Zonguldrok's Shrine
 41000 | WizLab   | Killed from afar by an ancient champion

Illustrated notes

Levels and vault maps discovered:
D:1:      sevenhm_arrival_forest_fort_small_6, layout_loops_corners,
          shapermc_ecumenical_altar_mp_ritualfount, minmay_misc_feat_five
D:2:      cheibrodos_old_hovel, layout_loops_ring, supply_closet_lemuel
D:3:      layout_basic, mainiacjoe_overflow_surrounded_room,
          cheibrodos_sewer_entry_bend
D:4:      layout_loops_corners, uniq_duvessa
D:5:      layout_layer_cave, overflow_temple_1_default,
          makhleb_blood_cavern_becter, serial_shops, shop, uniq_edmund,
          uniq_eustachio, uniq_prince_ribbit1
D:6:      layout_basic, overflow_temple_1_default, old_standard_altar
D:7:      layout_loops_ring, ashenzari_altar_1, old_standard_altar,
          minmay_temple_entry_waves, worms_lemuel, uniq_joseph
D:8:      layout_basic, lemuel_coloured_pillars_altar, erik_lair_island,
          minmay_misc_feat_tiny
D:9:      layout_basic, trog_hazing_becter, david_orc_3
D:10:     layout_roguey, lemuel_round_altar,
          mainiacjoe_overflow_concentric_impassable,
          mainiacjoe_overflow_catch_the_wave
D:11:     layout_gridville, nicolae_shop_i_like_small_books_too, uniq_gastronok
D:12:     layout_gridville, portal_ice_cave_rime, minmay_misc_feat_columns,
          nicolae_two_hexagons, serial_bayou_crossing
D:13:     layout_rooms, david_vaults_4, minmay_shop_grid_forest
D:14:     layout_loops_ring, nicolae_trove_entry_crystal
D:15:     gammafunk_enter_depths_forms, layout_loops_ring, okawaru_trees_1,
          roderic_roman_lattice, minmay_orc_keep, uniq_nessos, uniq_agnes
Temple:   kb_corrupted_temple
Lair:1:   layout_cave_pods, grunt_megastairs_3
Lair:2:   wander_river, layout_gridlike, grunt_megastairs_2
Lair:3:   layout_concentric_octagons, nicolae_swamp_entry_splash_gauntlet,
          nicolae_spider_entry_tight_spaces, serial_bayou_shore_b,
          lemuel_fruit_fields, uniq_sonja, uniq_urug
Lair:4:   layout_gridlike, gammafunk_ghost_split, grunt_megastairs_5,
          infiniplex_staircase_pool_2
Lair:5:   due_jungle_book, layout_gridlike, dpeg_slime_entry_enclosed,
          ebering_ghost_inner_flame, serial_bayou_lake_a, lemuel_fruit_fields,
          serial_bayou_shore_b, uniq_rupert
Swamp:1:  layout_falls_marsh, serial_swamp_ruin, evilmike_swamp_ruin_rubble_1,
          evilmike_swamp_ruin_wall, evilmike_swamp_ruin_house_6
Swamp:2:  layout_basic_swamp, nicolae_swamp_very_dense_foliage,
          lemuel_altar_in_water
Swamp:3:  layout_falls_marsh, evilmike_swamp_ruin_rubble_2
Swamp:4:  swamp_alternative, layout_basic_swamp, ebering_ghost_rock_garden
Spider:1: layout_spider_delve, hellmonk_narrow_tunnel,
          hangedman_spider_tarantella_strand
Spider:2: layout_spider_delve
Spider:3: layout_cave_pods
Spider:4: grunt_spider_rune_island, hellmonk_motheaten_closet
Orc:1:    layout_caves
Orc:2:    grunt_orc_gardens, layout_diamond_mine, grunt_orc_garden,
          grunt_orc_garden, grunt_orc_garden, grunt_orc_garden, basic_altar,
          chequers_guarded_unrand_ignorance
Vaults:1: ontoclasm_vaults_spin, v_pattern_5, nicolae_vaults_statue_guard,
          nicolae_vaults_taking_the_gang_shopping,
          nicolae_vaults_sesquioval_fish, nicolae_vaults_storage_room_water,
          v_misc_29, nicolae_vaults_stepped_doors, layout_vaults_omnigrid,
          serial_shops, nicolae_shop_pleasant_corner_grove
Vaults:2: lightli_enter_wizlab_magi_temple, ontoclasm_vaults_ring_square,
          grunt_vaults_trifunnel, vaults_mumra_chevron,
          minmay_crypt_entry_simple_round, vaults_mumra_bighexcomb,
          nicolae_vaults_trapezoid_lopsided_1, v_misc_15,
          nicolae_vaults_wine_cellar, nicolae_vaults_cornered_office,
          ontoclasm_vaults_chip, nicolae_vaults_oval_intersection,
          layout_vaults_maze
WizLab:   wizlab_zonguldrok

Skill      XL: |  1  2  3  4  5  6  7  8  9 10 11 12 13 14 15 16 17 18 19 |
---------------+----------------------------------------------------------+-----
Evocations     | 4 5 6 8 12 | 12.0
Throwing       | 1 2 5 6 7 8 10 13 16 | 16.0
Polearms       | 3 8 12 14 16 19 | 19.6
Fighting       | 5 8 9 12 15 | 15.0
Dodging        | 10 13 15 | 15.0
Invocations    | 2 10 12 14 15 | 15.0
Armour         | 4 9 10 | 10.0
Stealth        | |  1.1

Action                     |  1- 3 |  4- 6 |  7- 9 | 10-12 | 13-15 | 16-18 | 19-21 || total
---------------------------+-------+-------+-------+-------+-------+-------+-------++-------
  Melee: Club              |   184 |       |       |       |       |       |       ||   184
         Dagger            |    10 |   235 |    37 |       |       |       |       ||   282
         Tailslap          |       |    11 |       |       |       |       |       ||    11
         Punch             |       |     1 |     8 |     6 |     1 |       |       ||    16
         Trident           |       |       |   500 |   409 |    28 |       |       ||   937
         Halberd           |       |       |       |   426 |  1512 |       |       ||  1938
         Glaive            |       |       |       |       |   428 |  2530 |   556 ||  3514
         Unarmed           |       |       |       |       |       |     3 |       ||     3
  Throw: Dart              |       |    13 |    37 |    13 |     5 |       |     1 ||    69
         Javelin           |       |       |     5 |     3 |     5 |     5 |     1 ||    19
         Throwing net      |       |       |       |       |       |       |     3 ||     3
 Invoke: Grow Ballistomyce |       |       |       |       |       |     1 |       ||     1
         Grow Oklob        |       |       |       |       |       |     1 |       ||     1
  Evoke: Wand              |     3 |    14 |    16 |     5 |     5 |    44 |       ||    87
         Condenser vane    |       |       |       |       |     1 |     2 |       ||     3
         Lightning rod     |       |       |       |       |       |     4 |       ||     4
         Box of beasts     |       |       |       |       |       |     1 |       ||     1
    Use: Scroll            |       |       |    12 |    10 |    18 |     8 |     4 ||    52
         Potion            |       |       |     2 |     1 |     2 |    19 |     6 ||    30
   Stab: Sleeping          |       |     4 |     4 |     1 |       |       |       ||     9
         Paralysed         |       |       |       |       |       |    41 |       ||    41
         Held in net/web   |       |       |       |       |       |       |     2 ||     2
         Distracted        |       |       |       |       |       |       |     1 ||     1
 Armour: Ring mail         |    78 |    62 |   278 |   257 |   291 |       |       ||   966
         Leather armour    |     3 |       |       |       |       |       |       ||     3
         Scale mail        |       |       |       |       |   668 |   759 |       ||  1427
         Chain mail        |       |       |       |       |       |  1162 |   170 ||  1332
         Plate armour      |       |       |       |       |       |       |   166 ||   166
  Dodge: Dodged            |   120 |   108 |   386 |   319 |  1166 |  2515 |   354 ||  4968
